 Dungeon Crawl Stone Soup version 0.31-a0-66-ge618eeaa78 (webtiles) character file.

Game seed: 4360358341355960853

4 lunkers the Grasshopper (level 1, -3/17 HPs)
             Began as a Meteoran Warper on May 22, 2023.
             Frozen to death by an endoplasm (5 damage)
             ... on level 1 of the Dungeon.
             The game lasted 00:00:14 (227 turns).

lunkers the Grasshopper (Meteoran Warper)            Turns: 227, Time: 00:00:14

Health: -3/17      AC:  3    Str: 12    XL:     1   Next: 85%
Magic:  5/5        EV: 12    Int: 14    God:
Gold:   47         SH:  0    Dex: 13    Spells: 5/5 levels left

rFire   . . .        a - +0 mace
rCold   . . .        (no shield)
rNeg    . . .        b - +0 leather armour
rPois   .            (no helmet)
rElec   .            (no cloak)
rCorr   .            (no gloves)
SInv    .            (no boots)
Will    .....        (no amulet)
Stlth   +            (no ring)
HPRegen 0.22/turn    (no ring)
MPRegen 0.09/turn

%: no passive effects
@: glowing
A: sense surroundings 1, otherworldly, glowing, explore regen
a: no special abilities


You were on level 1 of the Dungeon.
You visited 1 branch of the dungeon, and saw 1 of its levels.

You collected 47 gold pieces.

Inventory:

Hand Weapons
 a - a +0 mace (weapon)
Missiles
 d - 6 boomerangs of dispersal
Armour
 b - a +0 leather armour (worn)
Jewellery
 f - an amulet of reflection
Scrolls
 c - a scroll of blinking
Potions
 e - a potion of might {unknown}


   Skills:
 - Level 2.1 Fighting
 + Level 3.2 Maces & Flails
 - Level 1.2 Throwing
 - Level 1.2 Armour
 - Level 2.4 Dodging
 - Level 2.6 Spellcasting
 - Level 3.6 Translocations


You had 5 spell levels left.
You didn't know any spells.
Your spell library contained the following spells:

 Spells                   Type           Power      Damage    Failure   Level
 Blink                    Tloc           24%        N/A       10%         2
 Lesser Beckoning         Tloc           24%        N/A       10%         2
 Teleport Other           Tloc           12%        N/A       19%         3
 Vhi's Electric Charge    Tloc/Air       12%        N/A       43%         3
 Manifold Assault         Tloc           12%        N/A       54%         4


Dungeon Overview and Level Annotations

Branches:
Dungeon (1/15) Zot: 369

Altars:


Innate Abilities, Weirdness & Mutations

You passively map a small area around you.
You are easily found by Zot.
You glow in the dark.
You regain HP and MP as you explore.


Message History

The goblin hits you with a +0 dagger. The goblin hits you but does no damage.
You sock the goblin!
You kill the goblin!
No target in view!
No target in view!
No target in view!
HP restored.
f - an amulet of reflection No target in view!
Found a club.
No target in view!
No target in view!
No target in view!
A ball python comes into view.
The ball python hisses angrily.
An endoplasm comes into view.
You hit the ball python.
The ball python is severely wounded.
The ball python bites you. The ball python grabs you.
The ball python constricts you.
You closely miss the ball python.
The ball python is severely wounded.
The ball python bites you. The ball python constricts you.
The ball python bites you but does no damage.
The ball python constricts you.
There are monsters nearby!
You hit the ball python.
You kill the ball python!
The endoplasm freezes you.
You are frozen.
* * * LOW HITPOINT WARNING * * *
You barely miss the endoplasm. The endoplasm closely misses you.
You barely miss the endoplasm. The endoplasm freezes you.
You are frozen.
* * * LOW HITPOINT WARNING * * *
You barely miss the endoplasm. The endoplasm freezes you.
You are frozen.
You die...

≈≈≈~...(.# ##**
≈≈~≈.....##.####.# #.##.
, ,
≈≈.≈.<.......##.)#......
,
≈≈...........##..#...$..
≈≈...........##..#......
≈≈≈..≈.......##..#.... *
≈≈≈≈≈≈≈#....###.....,,
≈≈≈≈≈≈≈#.#....##..##.###
,
########.#....##@J......
,
.........#....##.#...###
,
##..#....#....##.#*...##
, ,
.........##.####.##....#
....#....##..........#..
,
.........###............
,
....................###.
........)...........#**
* ....................#
, , ,


You could see an endoplasm.

Vanquished Creatures
  A goblin (D:1)
  A kobold (D:1)
  A ball python (D:1)
  A rat (D:1)
4 creatures vanquished.

Notes
Turn   | Place    | Note
-------+----------+-------------------------------------------
     0 | D:1      | lunkers the Meteoran Warper began the quest for the Orb.
     0 | D:1      | Reached XP level 1. HP: 17/17 MP: 5/5
   227 | D:1      | Frozen to death by an endoplasm

Illustrated notes

Levels and vault maps discovered:
D:1:      dpeg_arrival_pond, layout_basic

Skill      XL: |  1 |
---------------+----+-----
Maces & Flails | 3 |  3.2
Fighting       | |  2.1
Throwing       | |  1.2
Armour         | |  1.2
Dodging        | |  2.4
Spellcasting   | |  2.6
Translocations | |  3.6

Action                     || total
---------------------------++-------
  Melee: Mace              ||    11
  Throw: Boomerang         ||     1
 Armour: Leather armour    ||     4
  Dodge: Dodged            ||     2

Table legend: (Time is in decaauts)
 A = Elapsed time spent in this place.
 B = Non-inter-level travel time spent in this place.
 C = Inter-level travel time spent in this place.
 D = Time resting spent in this place.
 E = Time spent auto-exploring this place.
 F = Levels seen in this place.
 G = Mean time per level.
                   A        B        C        D        E       F      G
               +--------+--------+--------+--------+--------+-----+--------+
         Total |    229 |    229 |      0 |      0 |    204 |   1 |  229.0 |
       Dungeon |    229 |    229 |      0 |      0 |    204 |   1 |  229.0 |
               +--------+--------+--------+--------+--------+-----+--------+

Top non-repeatable levels by time:
     D:1: 229 daAuts
